 Dungeon Sprint DCSS version 0.21-a0-260-g9b2435e (webtiles) character file.

346 Kidiri the Covert (level 6, 0/31 (32) HPs)
             Began as a Spriggan Enchanter on Sept 7, 2017.
             Slain by a neqoxec (11 damage)
             ... in the Dungeon (Sprint II: "The Violet Keep of Menkaure").
             The game lasted 00:02:10 (350 turns).

Kidiri the Covert (Spriggan Enchanter)               Turns: 350, Time: 00:02:11

HP:   0/31 (32)     AC:  2    Str:  4      XL:     6   Next: 32%
MP:   17/17         EV: 24    Int: 12 (17) God:
Gold: 243           SH:  0    Dex: 15 (18) Spells: 7/19 levels left

rFire    . . .     SeeInvis +   a - +1 dagger
rCold    . . .     Gourm    .   (shield restricted)
rNeg     . . .     Faith    .   b - +0 robe
rPois    .         Spirit   .   (helmet restricted)
rElec    .         Reflect  .   (no cloak)
rCorr    .         Harm     .   (gloves unavailable)
MR       +....     NoTele   +   (boots unavailable)
Stlth    ++++......             (no amulet)
HPRegen  0.10/turn              (no ring)
MPRegen  0.15/turn              (no ring)

@: very slightly contaminated, very quick
A: unfitting armour, see invisible, herbivore 3, speed 3, slow metabolism 2
a: no special abilities


You were in the Dungeon.
You were not hungry.

You visited 1 branch You collected 243 gold pieces.

Inventory:

Hand Weapons
 a - a +1 dagger (weapon)
Armour
 b - a +0 robe (worn)
Scrolls
 j - a scroll of blinking
Potions
 g - a potion of haste
 h - a potion of magic
Books
 c - a book of Maledictions

   Spells                             Type                      Level
   a - Corona                         Hexes                        1
   b - Ensorcelled Hibernation        Hexes/Ice                    2
   c - Confuse                        Hexes                        3
   d - Tukima's Dance                 Hexes                        3
   e - Dazzling Spray                 Conjuration/Hexes            3
Comestibles
 d - a bread ration


   Skills:
 + Level 3.0 Fighting
 * Level 6.3 Short Blades
 + Level 2.8 Armour
 * Level 8.7 Dodging
 * Level 10.0 Stealth
 * Level 7.4 Spellcasting
 + Level 0.0 Conjurations
 + Level 6.0 Hexes
 + Level 0.0 Ice Magic


You had 7 spell levels left.
You knew the following spells:

 Your Spells              Type           Power        Failure   Level  Hunger
a - Corona                Hex            ###....      1%          1    None
b - Ensorcelled Hibernat  Hex/Ice        ##....       7%          2    #......
c - Confuse               Hex            ###.....     3%          3    ###....
d - Tukima's Dance        Hex            ###.....     3%          3    ###....
e - Dazzling Spray        Conj/Hex       ##....       14%         3    ###....


Dungeon Overview and Level Annotations

Branches:
Dungeon (1/1)

Altars:


Innate Abilities, Weirdness & Mutations

You are very small and have problems with some larger weapons.
You are too small for most types of armour.
You have supernaturally acute eyesight. (SInv)
You are a herbivore.
You cover ground extremely quickly.
You need consume almost no food.


Message History

Aim: a neqoxec The spray of energy misses the neqoxec.
The spray of energy misses the ufetubus.
The quasit misses you. The quasit completely misses you.
The quasit barely misses you.
The crimson imp blinks!
The ufetubus misses you. The ufetubus closely misses you. The neqoxec hits you.
Unknown command.
Unknown command.
Casting: Dazzling Spray
Confirm with . or Enter, or press ? or * to list all spells.
You don't have enough magic to cast that spell.
Unknown command.
Unknown command.
Magic courses through your body. The quasit completely misses you.
The quasit barely misses you. The quasit claws you.
You feel clumsy. The ufetubus completely misses you.
The ufetubus hits you but does no damage.
The neqoxec hits you!
You die...

##+##
##...##
#..#..# #
##.#.## #
##. ##+## .#
#.ww##.##55#
#$+55333#
####@##3#
#+# 5# #a#a#
# #.a a.#
### ###


You could see 3 neqoxecs, a quasit, a crimson imp, a white imp and an ufetubus.

Vanquished Creatures
  4 necrophages (D)
4 creatures vanquished.

Notes
Turn   | Place    | Note
-------+----------+-------------------------------------------
     0 | D        | Kidiri the Spriggan Enchanter began the quest for the Orb.
     0 | D        | Reached XP level 1. HP: 9/9 MP: 5/5
     1 | D        | Noticed a worker ant
     1 | D        | Noticed a worker ant
     1 | D        | Noticed a worker ant
     1 | D        | Noticed a worker ant
    13 | D        | Noticed a necrophage
    13 | D        | Noticed a necrophage
    13 | D        | Noticed a necrophage
    13 | D        | Noticed a necrophage
    22 | D        | Killed a necrophage
    22 | D        | Reached skill level 1 in Fighting
    22 | D        | Reached skill level 1 in Armour
    22 | D        | Reached skill level 5 in Dodging
    22 | D        | Reached skill level 7 in Stealth
    22 | D        | Reached skill level 5 in Spellcasting
    22 | D        | Reached XP level 2. HP: 9/14 MP: 5/9
    22 | D        | Reached XP level 3. HP: 11/17 MP: 5/10
    22 | D        | Reached XP level 4. HP: 15/22 MP: 6/12
    27 | D        | Killed a necrophage
    27 | D        | Reached skill level 5 in Short Blades
    27 | D        | Reached skill level 8 in Stealth
    27 | D        | Reached skill level 5 in Hexes
    27 | D        | Reached XP level 5. HP: 18/26 MP: 6/14
    32 | D        | Killed a necrophage
    32 | D        | Reached skill level 9 in Stealth
    40 | D        | HP: 1/26 [necrophage (8)]
    73 | D        | Killed a necrophage
    73 | D        | Reached skill level 10 in Stealth
    73 | D        | Reached XP level 6. HP: 6/31 MP: 4/17
    77 | D        | Learned a level 2 spell: Ensorcelled Hibernation
    81 | D        | Learned a level 3 spell: Confuse
    85 | D        | Learned a level 3 spell: Tukima's Dance
    89 | D        | Learned a level 3 spell: Dazzling Spray
   330 | D        | Noticed a neqoxec
   330 | D        | Noticed a neqoxec
   330 | D        | Noticed a neqoxec
   330 | D        | Noticed a neqoxec
   350 | D        | Slain by a neqoxec

Vault maps used:
D:        the_violet_keep_of_menkaure

Skill      XL: |  1  2  3  4  5 |
---------------+----------------+-----
Fighting       | 1 2 3 |  3.0
Short Blades   | 4 5 6 |  6.3
Armour         | 1 2 |  2.8
Dodging        | 5 7 8 |  8.7
Stealth        | 7 8 10 | 10.0
Spellcasting   | 5 6 7 |  7.4
Hexes          | 4 5 6 |  6.0

Action                   |  1- 3 |  4- 6 || total
-------------------------+-------+-------++-------
Melee: Dagger            |     6 |    45 ||    51
 Cast: Corona            |     1 |     9 ||    10
       Dazzling Spray    |       |     3 ||     3
       Ensorcelled Hiber |       |     2 ||     2
  Use: Potion            |     1 |     3 ||     4
 Stab: Invisible         |       |     2 ||     2
Armor: Robe              |       |     4 ||     4
Dodge: Dodged            |     4 |    83 ||    87

Table legend:
 A = Spawn XP
 B = Non-spawn XP
 C = Spawn XP percentage of total XP
 D = Spawn monster count
 E = Non-spawn monster count
 F = Spawn count percentage of total count
 G = Total turns spent on level
                    A         B        C        D         E        F      G
               +---------+---------+-------+---------+---------+-------+---------
         Total |       0 |     495 |   0.0 |       0 |       4 |   0.0 |   350
               +---------+---------+-------+---------+---------+-------+---------
             D |       0 |     495 |   0.0 |       0 |       4 |   0.0 |   350
               +---------+---------+-------+---------+---------+-------+---------
